 Dungeon Crawl Stone Soup version 0.29.1-1-gd02db6906a (webtiles) character file.

Game seed: 2081586670850591463

8 oldmanjim the Ogre Mage (level 2, -4/27 HPs)
             Began as an Ogre Transmuter on Sept 24, 2022.
             Slain by a gnoll
             ... wielding a +0 whip
              (5 damage)
             ... on level 1 of the Dungeon.
             The game lasted 00:02:21 (267 turns).

oldmanjim the Ogre Mage (Ogre Transmuter)            Turns: 267, Time: 00:02:22

Health: -4/27      AC:  3    Str: 13    XL:     2   Next: 8%
Magic:  5/5        EV:  9    Int: 14    God:
Gold:   7          SH:  0    Dex:  9    Spells: 5/6 levels left

rFire   . . .      SeeInvis .     - Unarmed
rCold   . . .      Faith    .   (no shield)
rNeg    . . .      Spirit   .   a - +0 robe
rPois   .          Reflect  .   (helmet currently unavailable)
rElec   .          Harm     .   (no cloak)
rCorr   .          Rampage  .   (gloves unavailable)
Will    .....                   (boots unavailable)
Stlth   +.........              (no amulet)
HPRegen 0.09/turn               (no ring)
MPRegen 0.09/turn               (no ring)

@: appendages (expiring)
A: horns 2, talons 2, large, unfitting armour, tough skin 1
a: End Transformation


You were on level 1 of the Dungeon.
You had temporarily grown beastly horns and talons.
You visited 1 branch of the dungeon, and saw 1 of its levels.

You collected 7 gold pieces.

Inventory:

Armour
 a - a +0 robe (worn)
Scrolls
 d - a scroll of teleportation {unknown}
 e - a scroll of enchant armour {unknown}
 f - a scroll of identify {unknown}
Potions
 b - a potion of lignification
 c - 2 potions of heal wounds {unknown}


   Skills:
 - Level 1.3 Fighting
 - Level 1.7 Dodging
 - Level 2.6 Unarmed Combat
 + Level 2.8 Spellcasting
 + Level 2.1 Transmutations


You had 5 spell levels left.
You knew the following spells:

 Your Spells              Type           Power      Damage    Failure   Level
a - Beastly Appendage     Tmut           16%        N/A       9%          1

Your spell library contained the following spells:

 Spells                   Type           Power      Damage    Failure   Level
 Wereblood                Tmut           8%         N/A       14%         2
 Spider Form              Tmut/Pois      5%         N/A       38%         3
 Ice Form                 Ice/Tmut       5%         N/A       80%         4


Dungeon Overview and Level Annotations

Branches:
Dungeon (1/15)

Altars:


Innate Abilities, Weirdness & Mutations

You have temporarily grown beastly horns and talons.
You are too large for most types of armour.
You have tough skin. (AC +1)


Message History

You have reached level 2!
You hit the rat but do no damage. Your punch misses the rat. The rat bites you.
You barely miss the rat. Your kick misses the rat. The rat bites you.
You hit the rat.
You kill the rat!
Your horns disappear.
Your talons disappear.
You now have 7 gold pieces.
f - a scroll labelled VAOFFEAVYE
Found a mace.
A frilled lizard and a gnoll come into view.
Found a silvery potion.
Casting: Beastly Appendage (safe; 9% risk of failure)
Press: ? - help, Q - select action Dir - look around, f - activate You grow a pair of large bovine horns.
Your feet morph into talons.
The frilled lizard hisses angrily.
You miss the frilled lizard.
The frilled lizard bites you but does no damage.
You hit the frilled lizard.
You kill the frilled lizard!
You closely miss the gnoll. Your headbutt misses the gnoll.
Your transformation is almost over.
The gnoll hits you with a +0 whip!
You closely miss the gnoll. The gnoll hits you with a +0 whip.
You barely miss the gnoll. You claw the gnoll, but do no damage.
The gnoll hits you but does no damage.
You barely miss the gnoll. The gnoll hits you with a +0 whip.
You barely miss the gnoll. Your kick misses the gnoll.
The gnoll closely misses you.
You barely miss the gnoll. You headbutt the gnoll.
The gnoll is moderately wounded.
The gnoll hits you with a +0 whip.
* * * LOW HITPOINT WARNING * * *
You hit the gnoll. Your kick misses the gnoll. Your headbutt misses the gnoll.
The gnoll is severely wounded.
The gnoll hits you with a +0 whip.
* * * LOW HITPOINT WARNING * * *
You hit the gnoll but do no damage.
The gnoll is severely wounded.
The gnoll hits you with a +0 whip.
You die...

#.# #.#.. ......#
#.#####.#.## ..)...#
#>...##.#.. ......
##...##.#.######...####
###....#..............
#####..................
.....††.#######.......#
........#######.###...#
......#.##......@g....#
......#..#.########...#
......#..# .!.
......#..# # #######...
..


You could see a gnoll.

Vanquished Creatures
  A bat (D:1)
  An endoplasm (D:1)
  A giant cockroach (D:1)
  A goblin (D:1)
  A quokka (D:1)
  A frilled lizard (D:1)
  A rat (D:1)
7 creatures vanquished.

Notes
Turn   | Place    | Note
-------+----------+-------------------------------------------
     0 | D:1      | oldmanjim the Ogre Transmuter began the quest for the Orb.
     0 | D:1      | Reached XP level 1. HP: 19/19 MP: 3/3
    10 | D:1      | Noticed an electric eel
   138 | D:1      | Reached XP level 2. HP: 21/27 MP: 3/5
   266 | D:1      | HP: 1/27 [gnoll/+0 whip (6)]
   267 | D:1      | Slain by a gnoll

Illustrated notes

Levels and vault maps discovered:
D:1:      arrival_aquarium_a, layout_basic

Skill      XL: |  1 |
---------------+----+-----
Transmutations | 2 |  2.1
Fighting       | |  1.3
Dodging        | |  1.7
Unarmed Combat | |  2.6
Spellcasting   | |  2.8

Action                   || total
-------------------------++-------
Melee: Unarmed           ||    24
       Kick              ||     3
       Headbutt          ||     3
 Cast: Beastly Appendage ||     5
Armor: Robe              ||     4
Dodge: Dodged            ||     9
